 Dungeon Crawl Stone Soup version 0.27.1-1-g398f81649c (webtiles) character file.

Game seed: 14329535637992333484

9017 speeev33 the Cleaver (level 11, -8/40 (101) HPs)
             Began as a Hill Orc Fighter on Sept 10, 2021.
             Was a High Priest of Okawaru.
             Mangled by a komodo dragon (17 damage)
             ... on level 10 of the Dungeon on Sept 11, 2021.
             The game lasted 00:22:27 (13598 turns).

speeev33 the Cleaver (Hill Orc Fighter)            Turns: 13598, Time: 00:22:28

HP:   -8/40 (101)   AC: 25    Str: 23    XL:     11   Next: 39%
MP:   16/16         EV:  6    Int:  8    God:    Okawaru [*****.]
Gold: 586           SH: 13    Dex: 10    Spells: 10/10 levels left

rFire    + . .     SeeInvis +   a - +1 war axe
rCold    . . .     Faith    .   c - +1 kite shield
rNeg     . . .     Spirit   .   v - +10 plate armour "Gisacag" {-Tele rElec rPois SInv}
rPois    +         Reflect  .   i - +0 helmet
rElec    +         Harm     .   (no cloak)
rCorr    .         Rampage  .   (no gloves)
Will     .....     NoTele   +   (no boots)
Stlth    ..........             (no amulet)
HPRegen  0.13/turn              l - ring of protection from fire
MPRegen  0.15/turn              (no ring)

@: extremely drained
A: no striking features
a: Renounce Religion, Heroism, Finesse


You were on level 10 of the Dungeon.
You worshipped Okawaru.
Okawaru was extremely pleased with you.
You visited 2 branches of the dungeon, and saw 11 of its levels.

You collected 586 gold pieces.

Inventory:

Hand Weapons
 a - a +1 war axe (weapon)
 o - a +0 morningstar of flaming
Missiles
 t - 2 throwing nets (quivered)
 y - 4 atropa-tipped darts
Armour
 c - a +1 kite shield (worn)
 e - a +4 chain mail of cold resistance
 i - a +0 helmet (worn)
 v - the +10 plate armour "Gisacag" (worn) {-Tele rElec rPois SInv}
   (You found it on level 8 of the Dungeon)

   rElec:     It insulates you from electricity.
   rPois:     It protects you from poison.
   SInv:      It lets you see invisible.
   -Tele:     It prevents most forms of teleportation.
Jewellery
 l - a ring of protection from fire (left hand)
Wands
 s - a wand of digging (5)
Scrolls
 q - a scroll of teleportation
 r - a scroll of fog
 u - a scroll of holy word
 w - a scroll of blinking
 x - a scroll of amnesia
Potions
 b - 3 potions of curing
 d - 3 potions of brilliance
 f - 2 potions of magic
 g - 2 potions of heal wounds
 h - a potion of invisibility
 j - 2 potions of degeneration
 k - 5 potions of flight
 m - 2 potions of mutation
 n - a potion of berserk rage
 p - 2 potions of resistance
 z - a potion of might
 A - a potion of lignification {unknown}


   Skills:
 + Level 10.9 Fighting
 + Level 11.4 Axes
 + Level 8.4 Armour
 + Level 10.1 Shields
 + Level 7.3 Invocations


You had 10 spell levels left.
You didn't know any spells.
Your spell library contained the following spells:

 Spells                   Type           Power      Damage    Failure   Level
 Animate Skeleton         Necr           0%         N/A       100%        1
 Beastly Appendage        Tmut           0%         N/A       100%        1
 Magic Dart               Conj           0%         1d3       100%        1
 Pain                     Necr           0%         1d4       100%        1
 Summon Small Mammal      Summ           0%         N/A       100%        1
 Call Imp                 Summ           0%         N/A       100%        2
 Searing Ray              Conj           0%         3d3       100%        2
 Slow                     Hex            0%         N/A       100%        2
 Wereblood                Tmut           0%         N/A       100%        2
 Call Canine Familiar     Summ           0%         N/A       100%        3
 Confusing Touch          Hex            0%         N/A       100%        3
 Inner Flame              Hex/Fire       0%         N/A       100%        3
 Mephitic Cloud           Conj/Pois/Air  0%         N/A       100%        3
 Spider Form              Tmut/Pois      0%         N/A       100%        3
 Summon Guardian Golem    Hex/Summ       0%         N/A       100%        3
 Vampiric Draining        Necr           0%         2d6       100%        3
 Cause Fear               Hex            0%         N/A       100%        4
 Fulminant Prism          Conj/Hex       0%         3d6       100%        4
 Yara's Violent Unravell  Hex/Tmut       0%         3d3       100%        5
 Discord                  Hex            0%         N/A       100%        8


Dungeon Overview and Level Annotations

Branches:
Dungeon (10/15)            Temple (1/1) D:5
   Lair: D:8-11         Orc: D:9-12

Altars:
Ashenzari
Cheibriados
Dithmenos
Elyvilon
Fedhas
Gozag
Hepliaklqana
Kikubaaqudgha
Nemelex Xobeh
Okawaru
Qazlal
Ru
Sif Muna
Trog
Uskayaw
Vehumet
Wu Jian

Shops:
D:7 *

Annotations:
D:8 2 transporters, Naeght's ghost, novice MfGl


Message History

You block the centaur zombie's attack.
The centaur zombie kicks you but does no damage.
You slash the centaur zombie!
The centaur zombie is almost destroyed.
You block the centaur zombie's attack.
The centaur zombie kicks you but does no damage.
You slash the centaur zombie!
You destroy the centaur zombie!
Okawaru accepts your kill.
You start resting.
You hear the faint creaking of a very distant portcullis.
Found a stone staircase leading down.
There is a stone staircase leading down here.
Found a ring mail.
You hear the creaking of a very distant portcullis.
z - a potion of might
Found a smoky sapphire potion.
A - a smoky sapphire potion You hear the creaking of a very distant portcullis.
Found 4 atropa-tipped darts.
A komodo dragon comes into view.
You see here 4 atropa-tipped darts.
y - 4 atropa-tipped darts Throw: 2 throwing nets
Press: ? - help, Q - select action, (/) - cycle Shift-Dir - straight line
Okay, then.
You slash the komodo dragon!
The komodo dragon is moderately wounded.
You block the komodo dragon's attack.
You hit the komodo dragon.
The komodo dragon is moderately wounded.
The komodo dragon bites you!!
You closely miss the komodo dragon.
The komodo dragon is moderately wounded.
The komodo dragon bites you!
* * * LOW HITPOINT WARNING * * *
You slash the komodo dragon!
The komodo dragon is heavily wounded.
The komodo dragon bites you!
You die...

#.# #.# #.#
#.#
############.#
#............#
#.############
#.# #@# #l#
#.# #.# #.#
#.# ..# ###


You could see a komodo dragon.

Vanquished Creatures
  A centaur warrior (D:8)
  A two-headed ogre (D:7)
  Sonja (D:10)
  Maggie (D:6)
  Sigmund (D:2)
  11 yaks
  Grum (D:9)
  4 steam dragons
  2 vampire mosquitoes (D:9)
  Edmund (D:6)
  3 water moccasins
  A sky beast (D:5)
  2 black bears
  2 orc warriors
  An ice beast (D:7)
  4 wolves (D:9)
  4 ogres
  2 phantoms (D:5)
  A kobold brigand (D:8)
  3 bullfrogs
  2 gnoll sergeants
  A wyvern zombie (D:8)
  8 killer bees (D:9)
  7 wights
  A howler monkey (D:7)
  6 electric eels (D:8)
  3 centaur zombies
  4 jellies
  5 hounds
  4 orc priests
  A bullfrog skeleton (D:4)
  A centaur skeleton (D:6)
  11 orc wizards
  2 killer bee zombies
  A hound skeleton (D:4)
  A howler monkey zombie (D:10)
  Robin (D:2)
  9 gnolls
  6 adders
  2 white imps
  An ufetubus (D:5)
  A worm (D:3)
  17 orcs
  5 endoplasms
  2 giant cockroaches
  11 goblins
  9 hobgoblins
  4 jackals
  4 quokkas
  5 ball pythons
  5 bats
  2 frilled lizards
  11 kobolds
  9 rats
209 creatures vanquished.

Vanquished Creatures (others)
  An orc wizard (D:8)
  5 plants (D:8)
6 creatures vanquished.

Grand Total: 215 creatures vanquished

Notes
Turn   | Place    | Note
-------+----------+-------------------------------------------
     0 | D:1      | speeev33 the Hill Orc Fighter began the quest for the Orb.
     0 | D:1      | Reached XP level 1. HP: 19/19 MP: 1/1
   329 | D:1      | Reached XP level 2. HP: 27/27 MP: 2/2
   334 | D:1      | Reached skill level 3 in Axes
  1121 | D:2      | Reached XP level 3. HP: 26/33 MP: 3/3
  1279 | D:2      | Noticed Robin
  1301 | D:2      | Killed Robin
  1302 | D:2      | Reached XP level 4. HP: 26/40 MP: 4/4
  1521 | D:2      | Noticed Sigmund
  1552 | D:2      | Killed Sigmund
  1553 | D:2      | Reached skill level 5 in Fighting
  1553 | D:2      | Reached skill level 4 in Axes
  1553 | D:2      | Reached XP level 5. HP: 22/48 MP: 5/5
  1553 | D:2      | Reached XP level 6. HP: 25/56 MP: 6/6
  2642 | D:3      | Found a sacrificial altar of Ru.
  2653 | D:3      | Found a faded altar of an unknown god.
  3187 | D:4      | Found a shimmering blue altar of Sif Muna.
  3202 | D:4      | Found a stormy altar of Qazlal.
  3310 | D:4      | Found a snail-covered altar of Cheibriados.
  3588 | D:4      | Reached skill level 5 in Axes
  3781 | D:4      | Reached skill level 5 in Shields
  4311 | D:4      | Reached skill level 5 in Armour
  4311 | D:4      | Reached XP level 7. HP: 61/61 MP: 7/7
  4764 | D:5      | Entered Level 5 of the Dungeon
  5191 | D:5      | Found a hazy altar of Hepliaklqana.
  5260 | D:5      | Found a shadowy altar of Dithmenos.
  5343 | D:5      | Reached skill level 6 in Axes
  5476 | D:5      | Found a staircase to the Ecumenical Temple.
  5485 | Temple   | Entered the Ecumenical Temple
  5495 | Temple   | Became a worshipper of Warmaster Okawaru
  6198 | D:5      | Reached XP level 8. HP: 39/71 MP: 8/8
  6484 | D:6      | Noticed Maggie
  6497 | D:6      | Killed Maggie
  6497 | D:6      | Reached * piety under Okawaru
  6797 | D:6      | Reached skill level 7 in Axes
  7600 | D:6      | Noticed Edmund
  7616 | D:6      | Reached XP level 9. HP: 69/80 MP: 9/9
  7628 | D:6      | Reached skill level 8 in Axes
  7938 | D:6      | Reached ** piety under Okawaru
  8321 | D:6      | Found a hide-covered altar of Uskayaw.
  8321 | D:6      | Found an ornate altar of the Wu Jian Council.
  8430 | D:7      | Noticed a two-headed ogre
  8436 | D:7      | Killed a two-headed ogre
  8576 | D:6      | Killed Edmund
  8577 | D:6      | Reached skill level 9 in Axes
  8808 | D:7      | Found Reik's Assorted Antiques.
  9181 | D:7      | Reached skill level 1 in Invocations
  9487 | D:7      | Reached XP level 10. HP: 91/91 MP: 11/11
  9799 | D:7      | Found an opulent altar of Gozag.
  9856 | D:7      | Found an ancient bone altar of Kikubaaqudgha.
 10026 | D:7      | Found a sparkling altar of Nemelex Xobeh.
 10509 | D:8      | Found a transporter.
 10510 | D:8      | Noticed Naeght's ghost (novice MfGl)
 10536 | D:8      | Found a transporter.
 10675 | D:8      | Reached *** piety under Okawaru
 10848 | D:8      | Found a broken altar of Ashenzari.
 10923 | D:8      | Identified the +10 plate armour "Gisacag" {-Tele rElec
                  | rPois SInv}
 10954 | D:8      | Found a blossoming altar of Fedhas.
 11004 | D:8      | Reached skill level 10 in Axes
 11382 | D:8      | Noticed a centaur warrior
 11413 | D:8      | Killed a centaur warrior
 11413 | D:8      | Reached **** piety under Okawaru
 11414 | D:8      | Reached skill level 10 in Fighting
 11414 | D:8      | Reached skill level 5 in Invocations
 12250 | D:9      | Reached XP level 11. HP: 71/101 MP: 15/15
 12256 | D:9      | Reached skill level 11 in Axes
 12542 | D:9      | Noticed Grum
 12585 | D:9      | Killed Grum
 13213 | D:10     | Entered Level 10 of the Dungeon
 13270 | D:10     | Noticed Sonja
 13285 | D:10     | Reached ***** piety under Okawaru
 13286 | D:10     | Reached skill level 10 in Shields
 13348 | D:10     | Killed Sonja
 13598 | D:10     | Mangled by a komodo dragon

Illustrated notes

Levels and vault maps discovered:
D:1:      dpeg_arrival_brainrot, layout_basic
D:2:      layout_basic, minmay_split_cup_large, uniq_sigmund, uniq_robin
D:3:      layout_loops_ring, nicolae_ru_path_of_blood,
          ebering_ecumenical_altar_hall
D:4:      layout_layer_cave, cheibriados_altar_1, led_sif_pool,
          mainiacjoe_overflow_catwalk
D:5:      layout_loops_corners, amcnicky_altar_gilded,
          mainiacjoe_overflow_24_doors, minmay_temple_entry_mist
D:6:      layout_basic, jmf_multi_god_temple, minmay_misc_feat_roman,
          uniq_edmund, uniq_maggie
D:7:      layout_basic, mainiacjoe_overflow_tiny_flanked,
          mainiacjoe_overflow_catch_the_wave, serial_shops, shop, nrook_uturn,
          serial_bayou_pond_d
D:8:      cheibrodos_two_vegetables, layout_loops_ring,
          lemuel_coloured_pillars_altar, overflow_temple_1_default,
          gammafunk_ghost_mausoleum
D:9:      layout_roguey, uniq_grum
D:10:     layout_loops_ring, lair_entry_dummy, enter_bailey_4, uniq_sonja
Temple:   compressed_dpeg_triangle_lava_temple

Skill      XL: |  1  2  3  4  5  6  7  8  9 10 11 |
---------------+----------------------------------+-----
Axes           | 3 4 5 6 7 9 10 11 | 11.4
Fighting       | 4 5 6 7 9 10 | 10.9
Armour         | 4 5 6 7 8 |  8.4
Shields        | 4 5 6 8 9 10 | 10.1
Invocations    | 2 6 7 |  7.3

Action                   |  1- 3 |  4- 6 |  7- 9 | 10-12 || total
-------------------------+-------+-------+-------+-------++-------
Melee: War axe           |    81 |   179 |   268 |   492 ||  1020
Invok: Heroism           |       |       |     4 |     5 ||     9
  Use: Scroll            |     4 |     2 |     9 |     7 ||    22
       Potion            |       |     4 |     4 |     1 ||     9
Armor: Scale mail        |    43 |    76 |    29 |       ||   148
       Chain mail        |       |       |    57 |    34 ||    91
       Swamp dragon scal |       |       |    31 |       ||    31
       Plate armour      |       |       |       |   278 ||   278
Dodge: Dodged            |    29 |    44 |    77 |   104 ||   254
Block: Kite shield       |    56 |   113 |   188 |   375 ||   732
